 Dungeon Crawl Stone Soup version 0.29.1-1-gd02db69 (webtiles) character file.

Game seed: 7356110584338949923

21 Dud the Magician (level 2, -3/19 HPs)
             Began as a Demonspawn Hedge Wizard on Nov 4, 2022.
             Slain by a worm (8 damage)
             ... on level 2 of the Dungeon.
             The game lasted 00:08:13 (700 turns).

Dud the Magician (Demonspawn Hedge Wizard)           Turns: 700, Time: 00:08:14

Health: -3/19      AC:  5    Str: 10    XL:     2   Next: 65%
Magic:  2/6        EV: 12    Int: 15    God:
Gold:   47         SH:  0    Dex: 12    Spells: 7/8 levels left

rFire   . . .      SeeInvis .   a - +0 dagger
rCold   . . .      Faith    .   (no shield)
rNeg    . . .      Spirit   .   b - +0 robe
rPois   +          Reflect  .   c - +0 hat
rElec   .          Harm     .   (no cloak)
rCorr   .          Rampage  .   h - +0 pair of gloves
Will    .....                   (no boots)
Stlth   ++........              (no amulet)
HPRegen 0.06/turn               j - ring of poison resistance
MPRegen 0.10/turn               (no ring)

@: no status effects
A: yellow scales 1
a: no special abilities


You were on level 2 of the Dungeon.
You visited 1 branch of the dungeon, and saw 2 of its levels.

You collected 47 gold pieces.

Inventory:

Hand Weapons
 a - a +0 dagger (weapon)
Armour
 b - a +0 robe (worn)
 c - a +0 hat (worn)
 h - a +0 pair of gloves (worn)
Jewellery
 j - a ring of poison resistance (left hand)
Potions
 d - a potion of magic
 e - a potion of resistance {unknown}
 f - 2 potions of degeneration {unknown}
 g - 2 potions of curing {unknown}
 i - a potion of cancellation {unknown}
 k - a potion of haste {unknown}


   Skills:
 + Level 0.3 Short Blades
 + Level 1.8 Dodging
 + Level 1.7 Stealth
 + Level 3.6 Spellcasting
 + Level 1.2 Conjurations
 + Level 1.0 Summonings
 + Level 0.8 Translocations


You had 7 spell levels left.
You knew the following spells:

 Your Spells              Type           Power      Damage    Failure   Level
a - Magic Dart            Conj           24%        1d4       11%         1

Your spell library contained the following spells:

 Spells                   Type           Power      Damage    Failure   Level
 Slow                     Hex            8%         N/A       19%         1
 Call Imp                 Summ           5%         N/A       19%         2
 Blink                    Tloc           10%        N/A       21%         2
 Conjure Flame            Conj/Fire      4%         6-21      41%         3
 Mephitic Cloud           Conj/Pois/Air  4%         N/A       43%         3


Dungeon Overview and Level Annotations

Branches:
Dungeon (2/15)

Altars:

Shops:
D:1 [


Innate Abilities, Weirdness & Mutations

You are partially covered in yellow scales. (AC +2)


Message History

You open the door.
There is an open door here.
You close the door.
You start resting.
A worm is nearby!
Aiming: Magic Dart (safe; 11% risk of failure)
Press: ? - help, Q - select action Shift-Dir - straight line, f - worm
Aim: a worm (100% to hit)
The magic dart hits the worm.
The worm is moderately wounded.
You open the door. You hit the worm.
The worm is lightly wounded.
The worm closely misses you.
You hit the worm.
The worm is lightly wounded.
You barely miss the worm.
The worm is lightly wounded.
The worm bites you! The worm barely misses you.
You hit the worm.
The worm is moderately wounded.
You hit the worm.
The worm is moderately wounded.
The worm barely misses you. The worm bites you but does no damage.
You hit the worm.
The worm is moderately wounded.
The worm bites you!
* * * LOW HITPOINT WARNING * * *
The worm barely misses you.
You hit the worm.
The worm is moderately wounded.
You hit the worm but do no damage.
The worm is moderately wounded.
The worm closely misses you. The worm completely misses you.
You hit the worm.
The worm is moderately wounded.
You hit the worm but do no damage.
The worm is moderately wounded.
The worm misses you. The worm bites you!
You die...

#.#.# #.#.# #.#.#
######### #.#.#
#.w...... #.#.# #@# ...
#######.#.######w###....
........#...............
.#......................
............†...........
.#......................
......#'#...............
#.###.#.##..............
# ..#.................


You could see 2 worms.

Vanquished Creatures
  A ball python (D:1)
  An endoplasm (D:1)
  3 hobgoblins (D:1)
  A quokka (D:2)
  5 bats (D:1)
  3 frilled lizards (D:1)
  3 goblins (D:1)
  2 kobolds (D:1)
  A rat (D:1)
20 creatures vanquished.

Notes
Turn   | Place    | Note
-------+----------+-------------------------------------------
     0 | D:1      | Dud the Demonspawn Hedge Wizard began the quest for the
                  | Orb.
     0 | D:1      | Reached XP level 1. HP: 13/13 MP: 4/4
     5 | D:1      | Noticed an electric eel
   327 | D:1      | Gained mutation: You are partially covered in yellow
                  | scales. (AC +2) [demonic ancestry]
   327 | D:1      | Reached XP level 2. HP: 17/19 MP: 1/6
   618 | D:1      | Found Kisen's Armour Emporium.
   700 | D:2      | Slain by a worm

Illustrated notes

Levels and vault maps discovered:
D:1:      arrival_aquarium_a, layout_basic, serial_shops,
          nicolae_shop_statue_plus
D:2:      layout_basic, minmay_pentomino_s4

Action                   || total
-------------------------++-------
Melee: Dagger            ||    29
       Punch             ||     1
 Cast: Magic Dart        ||    43
Armor: Robe              ||     8
Dodge: Dodged            ||    24
